 Dungeon Sprint DCSS version 0.20-a0-540-ge6d1839 (webtiles) character file.

342 Leonis the Grappler (level 6, -12/67 HPs)
             Began as a Troll Berserker on Jan 31, 2017.
             Was a High Priest of Trog.
             Mangled by a white ugly thing (23 damage)
             ... in the Dungeon (Sprint IX: "|||||||||||||||||||||||||||||").
             The game lasted 00:01:56 (189 turns).

Leonis the Grappler (Troll Berserker)                Turns: 189, Time: 00:01:56

Health: -12/67     AC:  6    Str: 28    XL:     6   Next: 30%
Magic:  5/5        EV: 16    Int:  3    God:    Trog [*****.]
Gold:   0          SH:  0    Dex:  9    Spells: 5/5 levels left

rFire    . . .     SeeInvis .     - Unarmed
rCold    . . .     Gourm    +   a - +0 animal skin
rNeg     . . .     Faith    .   (no shield)
rPois    .         Spirit   .   (helmet restricted)
rElec    .         Reflect  .   n - +0 cloak
rCorr    .         Harm     .   (gloves unavailable)
MR       .....     NoTele   +   (boots unavailable)
Stlth    +.........             (no amulet)
Regen    0.7/turn               m - +2 ring of evasion
                                l - +2 ring of evasion

@: no status effects
A: unfitting armour, claws 3, fast metabolism 3, gourmand, regeneration 1,
shaggy fur 1, tough skin 2
a: Berserk, Trog's Hand, Brothers in Arms, Burn Spellbooks, Renounce Religion


You were in the Dungeon.
You worshipped Trog.
Trog was extremely pleased with you.
You were completely stuffed.

You visited 1 branch

Inventory:

Hand Weapons
 p - the +12 quarterstaff of the Unliving {crush, Str+7, unknown}
   (Trog gifted it to you in the Dungeon)

   It inflicts extra damage upon your enemies.
   It affects your strength (+7).
Armour
 a - a +0 animal skin (worn)
 n - a +0 cloak (worn)
Jewellery
 l - a +2 ring of evasion (left claw)
 m - a +2 ring of evasion (right claw)
Wands
 k - a wand of iceblast (7/15)
Scrolls
 h - 2 scrolls of blinking
 j - 3 scrolls of remove curse
Potions
 c - 5 potions of curing
 d - 3 potions of heal wounds
 e - a potion of haste
 f - 4 potions of magic
 g - a potion of berserk rage
 i - a potion of invisibility
Comestibles
 b - 2 bread rations
 o - 6 chunks of flesh


   Skills:
 + Level 6.1 Fighting
 + Level 6.9 Dodging
 + Level 9.3 Unarmed Combat


You had 5 spell levels left.
You didn't know any spells.

Dungeon Overview and Level Annotations

Branches:
Dungeon (1/1)

Altars:
Cheibriados
Dithmenos
Elyvilon
Fedhas
Gozag
Hepliaklqana
Kikubaaqudgha
Makhleb
Nemelex Xobeh
Okawaru
Qazlal
Ru
Sif Muna
Trog
Uskayaw
Vehumet
Xom
Yredelemnul
Zin
The Shining One
Beogh
Jiyva
Lugonu


Innate Abilities, Weirdness & Mutations

You are too large for most types of armour.
You have claws for hands.
Your metabolism is lightning-fast.
You like to eat raw meat.
Your natural rate of healing is unusually fast.
You are covered in fur. (AC +1)
You have very tough skin. (AC +2)


Message History

You scratch the white ugly thing.
The white ugly thing is lightly wounded.
The white ugly thing claws you. The white ugly thing freezes you!!
You claw the white ugly thing!
The white ugly thing is moderately wounded.
The white ugly thing completely misses you.
You claw the white ugly thing!
The white ugly thing is heavily wounded.
The white ugly thing barely misses you.
You closely miss the white ugly thing. Your claw misses the white ugly thing.
The white ugly thing is heavily wounded.
The white ugly thing misses you.
You claw the white ugly thing!
The white ugly thing is severely wounded.
You scratch the white ugly thing but do no damage.
The white ugly thing is severely wounded.
The white ugly thing claws you!
* * * LOW HITPOINT WARNING * * *
The white ugly thing freezes you!!
You die...

▓.▓
▓'▓
▓)▓
▓.▓
▓.▓
▓.▓
▓.▓
▓.▓
▓@▓
▓u▓
▓O▓
▓l▓
▓.▓
▓.▓
▓.▓
▓+▓


You could see a white ugly thing, a wyvern and an ogre.

Vanquished Creatures
  An ogre (D)
  A bullfrog (D)
  A crimson imp (D)
  A quasit (D)
  A hound (D)
  2 worker ants (D)
  An orc wizard (D)
  An adder (D)
  An ooze (D)
  An adder zombie (D)
  A dart slug (D)
  A bat skeleton (D)
  A bat zombie (D)
  A goblin (D)
  2 hobgoblins (D)
  A quokka (D)
  A ball python (D)
19 creatures vanquished.

Notes
Turn   | Place    | Note
-------+----------+-------------------------------------------
     0 | D        | Leonis the Troll Berserker began the quest for the Orb.
     0 | D        | Reached XP level 1. HP: 22/22 MP: 0/0
     9 | D        | Reached ** piety under Trog
    19 | D        | Banished a spatial maelstrom
    28 | D        | Noticed an orc wizard
    28 | D        | Noticed a hound
    39 | D        | Killed an orc wizard
    39 | D        | Reached *** piety under Trog
    39 | D        | Reached skill level 4 in Unarmed Combat
    39 | D        | Reached XP level 2. HP: 32/32 MP: 1/1
    39 | D        | Reached XP level 3. HP: 39/39 MP: 2/2
    43 | D        | Reached skill level 5 in Unarmed Combat
    45 | D        | Reached XP level 4. HP: 44/49 MP: 3/3
    51 | D        | Reached **** piety under Trog
    59 | D        | Found a roughly hewn altar of Beogh.
    59 | D        | Found a snail-covered altar of Cheibriados.
    59 | D        | Found a shadowy altar of Dithmenos.
    59 | D        | Found a white marble altar of Elyvilon.
    59 | D        | Found a blossoming altar of Fedhas.
    59 | D        | Found an opulent altar of Gozag.
    60 | D        | Found a hazy altar of Hepliaklqana.
    61 | D        | Found a viscous altar of Jiyva.
    62 | D        | Found an ancient bone altar of Kikubaaqudgha.
    63 | D        | Found a corrupted altar of Lugonu.
    64 | D        | Found a burning altar of Makhleb.
    65 | D        | Found a sparkling altar of Nemelex Xobeh.
    66 | D        | Found an iron altar of Okawaru.
    67 | D        | Found a stormy altar of Qazlal.
    68 | D        | Found a sacrificial altar of Ru.
    69 | D        | Found a deep blue altar of Sif Muna.
    70 | D        | Found a bloodstained altar of Trog.
    71 | D        | Found a hide-covered altar of Uskayaw.
    72 | D        | Found a radiant altar of Vehumet.
    73 | D        | Found a shimmering altar of Xom.
    74 | D        | Found a basalt altar of Yredelemnul.
    75 | D        | Found a glowing silver altar of Zin.
    76 | D        | Found a glowing golden altar of the Shining One.
   112 | D        | Noticed an ogre
   124 | D        | Reached skill level 6 in Unarmed Combat
   127 | D        | Reached skill level 5 in Dodging
   133 | D        | Killed an ogre
   133 | D        | Reached ***** piety under Trog
   133 | D        | Reached skill level 5 in Fighting
   133 | D        | Reached skill level 7 in Unarmed Combat
   133 | D        | Reached XP level 5. HP: 34/57 MP: 4/4
   141 | D        | Reached skill level 8 in Unarmed Combat
   171 | D        | Noticed an ogre
   171 | D        | Noticed a wyvern
   171 | D        | Noticed a white ugly thing
   179 | D        | Received a gift from Trog
   179 | D        | Reached skill level 9 in Unarmed Combat
   179 | D        | Reached XP level 6. HP: 44/67 MP: 5/5
   180 | D        | Got a translucent quarterstaff {god gift}
   189 | D        | Mangled by a white ugly thing

Vault maps used:
D:        linesprint

Skill      XL: |  1  2  3  4  5 |
---------------+----------------+-----
Fighting       | 3 4 5 6 |  6.1
Dodging        | 3 4 5 6 |  6.9
Unarmed Combat | 4 5 7 9 |  9.3

Action                   |  1- 3 |  4- 6 || total
-------------------------+-------+-------++-------
Melee: Unarmed           |    26 |    42 ||    68
  Eat: Chunk             |     5 |     2 ||     7
Armor: Animal skin       |     5 |    12 ||    17
Dodge: Dodged            |     4 |    41 ||    45
